Blue Jackets vs Senateurs
(R1)
Created - April 24, 2022 at 08:24
Goals
|
| Blue Jackets |
0 |
2 |
2 |
4 |
| Senateurs |
1 |
0 |
2 |
3 |
|
Shots
|
| Blue Jackets |
7 |
8 |
17 |
32 |
| Senateurs |
16 |
9 |
14 |
39 |
|
1st period
1. Senateurs , Cody Franson 4 (Erik Haula 19, Jason Pominville 16) at 1:33 (PP)
Penalties :
Peter Mueller (Clb) for Tripping (Minor) at 1:24, Artemi Panarin (Clb) for Slashing (Minor) at 1:46, Cody Franson (Ott) for Holding (Minor) at 6:00, Rickard Rakell (Clb) for Charging (Minor) at 18:06
2nd period
2. Blue Jackets , T.J. Oshie 6 (Shea Theodore 7, Bobby Ryan 25) at 5:41
3. Blue Jackets , Devin Setoguchi 12 (Rickard Rakell 26, Peter Mueller 15) at 12:52
Penalties :
Jason Pominville (Ott) for Tripping (Minor) at 8:00, Sean Bergenheim (Ott) for Cross-checking (Minor) at 19:00
3rd period
4. Blue Jackets , Rickard Rakell 16 (Devin Setoguchi 15, Colton Parayko 22) at 2:34
5. Senateurs , Sean Bergenheim 21 (Sidney Crosby 45) at 3:09 (SH)
6. Senateurs , Erik Haula 9 (Jason Pominville 17) at 12:32
7. Blue Jackets , Devin Setoguchi 13 (Peter Mueller 16, Rickard Rakell 27) at 17:54
Penalties :
Mike Green (Ott) for High sticking (Minor) at 2:51, Artemi Panarin (Clb) for Hooking (Minor) at 5:14, Bobby Ryan (Clb) for Tripping (Minor) at 13:09, Eric Gelinas (Ott) for Holding (Minor) at 14:38, Shea Weber (Clb) for Hooking (Minor) at 18:09
Goalie Stats
Rick DiPietro (Clb), 36 saves from 39 shots - (0.923), W, 16-17-7, 60:00 minutes
Brian Elliott (Ott), 28 saves from 32 shots - (0.875), L, 8-16-2, 58:50 minutes
Players Stats for Blue Jackets
Player Name G A P +/- PIM S H SB GA TA FO MP PP MP PK MP
------------------------------------------------------------------------------------
Artemi Panarin 0 0 0 -2 4 3 4 1 1 1 0/4 20:53 5:10 0:40
Bobby Ryan 0 1 1 -2 2 0 4 0 1 0 0/1 19:44 5:14 0:00
Brandon Bollig 0 0 0 0 0 1 0 0 0 0 1/1 11:56 0:02 5:41
Colton Parayko 0 1 1 2 0 4 2 2 1 0 0/0 30:35 4:11 5:45
Dennis Wideman 0 0 0 0 0 0 0 2 0 1 0/0 8:19 0:00 0:00
Devin Setoguchi 2 1 3 3 0 5 0 0 0 0 1/1 11:44 0:02 0:00
Emerson Etem 0 0 0 1 0 2 0 0 0 0 0/1 11:22 0:00 2:52
Henrik Sedin 0 0 0 1 0 3 1 0 0 1 9/14 18:23 4:09 5:20
Kevin Porter 0 0 0 0 0 1 0 0 0 0 2/3 8:17 0:00 2:44
Peter Mueller 0 2 2 3 2 2 0 0 0 0 7/19 15:34 4:09 0:00
Rickard Rakell 1 2 3 3 2 3 0 0 0 0 0/0 15:49 4:09 0:00
Rob Scuderi 0 0 0 0 0 1 0 2 1 0 0/0 12:52 0:00 3:48
Shea Theodore 0 1 1 0 0 2 0 0 0 1 0/0 17:21 5:14 0:40
Shea Weber 0 0 0 0 2 0 1 2 0 0 0/0 20:25 5:14 3:00
T.J. Oshie 1 0 1 1 0 1 0 0 0 1 0/0 9:09 0:18 0:00
Travis Hamonic 0 0 0 2 0 2 1 1 0 0 0/0 30:27 4:11 5:37
Tyler Kennedy 0 0 0 0 0 0 0 0 0 0 1/2 7:06 0:00 1:33
Tyler Seguin 0 0 0 -2 0 2 1 0 1 0 7/25 20:03 5:02 0:00
Players Stats for Senateurs
Player Name G A P +/- PIM S H SB GA TA FO MP PP MP PK MP
------------------------------------------------------------------------------------
Brandon Burlon 0 0 0 -1 0 0 2 2 0 0 0/0 9:49 0:00 1:39
Cody Franson 1 0 1 -1 2 3 1 0 0 0 0/0 19:42 3:54 1:47
Eric Gelinas 0 0 0 0 2 4 1 4 4 0 0/0 29:35 5:30 5:14
Eric Wellwood 0 0 0 -1 0 3 0 1 0 0 0/0 7:58 0:00 2:10
Erik Haula 1 1 2 1 0 3 0 0 0 0 10/17 18:35 4:14 4:37
Jason Pominville 0 2 2 1 2 4 1 0 0 0 0/0 13:52 4:14 0:00
Loui Eriksson 0 0 0 -2 0 1 1 0 0 0 1/3 10:30 0:28 0:00
Max Friberg 0 0 0 -1 0 3 1 0 0 0 0/0 5:59 0:18 0:00
Max Pacioretty 0 0 0 1 0 3 0 0 1 0 3/3 16:04 4:14 2:11
Mike Green 0 0 0 -1 2 0 1 2 0 2 0/0 29:06 5:31 4:14
Reilly Smith 0 0 0 -1 0 0 0 0 0 0 0/2 19:42 4:53 0:00
Rostislav Olesz 0 0 0 -2 0 2 2 0 0 0 0/0 10:02 0:00 0:00
Ryan Getzlaf 0 0 0 -1 0 0 0 0 0 0 1/2 6:04 0:00 0:21
Sean Bergenheim 1 0 1 0 2 4 2 0 0 1 1/2 24:53 5:01 4:07
Sidney Crosby 0 1 1 0 0 6 2 0 0 0 23/35 25:58 4:53 5:24
Taylor Chorney 0 0 0 0 0 1 1 0 0 2 0/0 22:10 3:54 4:04
Tim Connolly 0 0 0 -2 0 1 0 0 0 0 4/7 10:02 0:00 0:00
Wes O'Neill 0 0 0 -1 0 1 2 0 0 0 0/0 9:59 0:00 1:52
3 Stars
1 - Devin Setoguchi (Clb)
2 - Rickard Rakell (Clb)
3 - Erik Haula (Ott)
Power Play
Blue Jackets - 0 on 5 Attempt(s) - 0.00%
Senateurs - 1 on 6 Attempt(s) - 16.67%
Penalty Kill
Blue Jackets - 5 on 6 Attempt(s) - 83.33%
- Score 0 goal in Penalty Kill
Senateurs - 5 on 5 Attempt(s) - 100.00%
- Score 1 goal in Penalty Kill
Team Stat
Blue Jackets - Hits : 14 - Faceoff Wins : 28 - Blocked Shots : 10 - Penalty Minutes : 12
Senateurs - Hits : 17 - Faceoff Wins : 43 - Blocked Shots : 9 - Penalty Minutes : 10
Official
Referees : Beaudry Halkidis and Kelly Sutherland
Linesman : Shandor Alphonso and Devin Berg
Game Notes
No Game Note
Finance
Level 1 -- Attendance: 6000 (100.00%) -- Ticket Income $600,000
Level 2 -- Attendance: 5000 (100.00%) -- Ticket Income $300,000
Level 3 -- Attendance: 1834 (91.70%) -- Ticket Income $64,190
Level 4 -- Attendance: 4000 (100.00%) -- Ticket Income $100,000
Luxury Box -- Attendance: 927 (92.70%) -- Ticket Income $185,400
Game was played at the Centre Canadian Tire.
Total Attendance: 17761 (98.67%)
Total Ticket Income: $1,249,590
Other Income: $187,438
Total Income: $1,437,028
Blue Jackets
5 vs 5 Forward
Center Left Wing Right Wing Time % Phy DF OF
1 Tyler Seguin Artemi Panarin Bobby Ryan 40 1 2 2
2 Peter Mueller Rickard Rakell Devin Setoguchi 30 1 2 2
3 Henrik Sedin Emerson Etem T.J. Oshie 20 1 2 2
4 Kevin Porter Brandon Bollig Tyler Kennedy 10 1 2 2
5 vs 5 Defense
Defense Defense Time % Phy DF OF
1 Travis Hamonic Colton Parayko 40 1 2 2
2 Shea Weber Shea Theodore 30 1 2 2
3 Dennis Wideman Rob Scuderi 20 1 2 2
4 Travis Hamonic Colton Parayko 10 1 2 2
PowerPlay Forward
Center Left Wing Right Wing Time % Phy DF OF
1 Tyler Seguin Artemi Panarin Bobby Ryan 60 1 2 2
2 Peter Mueller Henrik Sedin Rickard Rakell 40 1 2 2
PowerPlay Defense
Defense Defense Time % Phy DF OF
1 Travis Hamonic Colton Parayko 60 1 2 2
2 Shea Weber Shea Theodore 40 1 2 2
Penalty Kill 4 Players Forward
Center Wing Time % Phy DF OF
1 Henrik Sedin Brandon Bollig 60 1 2 2
2 Kevin Porter Emerson Etem 40 1 2 2
Penalty Kill 4 Players Defense
Defense Defense Time % Phy DF OF
1 Travis Hamonic Colton Parayko 60 1 2 2
2 Shea Weber Rob Scuderi 40 1 2 2
Penalty Kill - 3 Players Forward
Forward Time % Phy DF OF
1 Henrik Sedin 60 1 2 2
2 Kevin Porter 40 1 2 2
Penalty Kill - 3 Players Defense
Defense Defense Time % Phy DF OF
1 Travis Hamonic Colton Parayko 60 1 2 2
2 Shea Weber Rob Scuderi 40 1 2 2
4 vs 4 Forward
Center Wing Time % Phy DF OF
1 Tyler Seguin Artemi Panarin 60 1 2 2
2 Henrik Sedin Bobby Ryan 40 1 2 2
4 vs 4 Defense
Defense Defense Time % Phy DF OF
1 Travis Hamonic Colton Parayko 60 1 2 2
2 Shea Weber Rob Scuderi 40 1 2 2
Last Minutes Offensive
Center Left Wing Right Wing Defense Defense
Tyler Seguin Artemi Panarin Bobby Ryan Travis Hamonic Colton Parayko
Last Minutes Defensive
Center Left Wing Right Wing Defense Defense
Tyler Seguin Artemi Panarin Bobby Ryan Travis Hamonic Colton Parayko
Goaltenders
Starting : Rick DiPietro
Backup : Jonas Gustavsson
Extra Forwards
Normal : T.J. Oshie, Peter Mueller, Tyler Kennedy - PP : T.J. Oshie, Peter Mueller - PK : Tyler Kennedy
Extra Defensemen
Normal : Dennis Wideman, Shea Theodore, Shea Weber - PP : Dennis Wideman - PK : Shea Theodore, Shea Weber
Penalty Shots
Tyler Seguin, Artemi Panarin, Henrik Sedin, Bobby Ryan, Rickard Rakell
Scratches
Andreas Nodl (Healthy), Martin Havlat (Healthy), Ryan Wilson (Healthy), Zac Dalpe (Healthy)
Senateurs
5 vs 5 Forward
Center Left Wing Right Wing Time % Phy DF OF
1 Sidney Crosby Sean Bergenheim Reilly Smith 40 0 1 4
2 Erik Haula Max Pacioretty Jason Pominville 30 0 1 4
3 Tim Connolly Rostislav Olesz Loui Eriksson 20 0 2 3
4 Ryan Getzlaf Eric Wellwood Max Friberg 10 0 2 3
5 vs 5 Defense
Defense Defense Time % Phy DF OF
1 Eric Gelinas Mike Green 40 1 3 1
2 Cody Franson Taylor Chorney 30 1 3 1
3 Wes O'Neill Brandon Burlon 20 1 3 1
4 Eric Gelinas Mike Green 10 1 3 1
PowerPlay Forward
Center Left Wing Right Wing Time % Phy DF OF
1 Sidney Crosby Sean Bergenheim Reilly Smith 60 0 1 4
2 Erik Haula Max Pacioretty Jason Pominville 40 0 1 4
PowerPlay Defense
Defense Defense Time % Phy DF OF
1 Eric Gelinas Mike Green 60 0 2 3
2 Cody Franson Taylor Chorney 40 0 2 3
Penalty Kill 4 Players Forward
Center Wing Time % Phy DF OF
1 Sidney Crosby Sean Bergenheim 60 1 2 2
2 Erik Haula Max Pacioretty 40 1 2 2
Penalty Kill 4 Players Defense
Defense Defense Time % Phy DF OF
1 Eric Gelinas Mike Green 60 1 3 1
2 Cody Franson Taylor Chorney 40 1 3 1
Penalty Kill - 3 Players Forward
Forward Time % Phy DF OF
1 Sidney Crosby 60 1 3 1
2 Erik Haula 40 1 3 1
Penalty Kill - 3 Players Defense
Defense Defense Time % Phy DF OF
1 Eric Gelinas Mike Green 60 1 4 0
2 Cody Franson Taylor Chorney 40 1 4 0
4 vs 4 Forward
Center Wing Time % Phy DF OF
1 Sidney Crosby Sean Bergenheim 60 0 2 3
2 Erik Haula Max Pacioretty 40 0 2 3
4 vs 4 Defense
Defense Defense Time % Phy DF OF
1 Eric Gelinas Mike Green 60 1 3 1
2 Cody Franson Taylor Chorney 40 1 3 1
Last Minutes Offensive
Center Left Wing Right Wing Defense Defense
Sidney Crosby Sean Bergenheim Reilly Smith Eric Gelinas Mike Green
Last Minutes Defensive
Center Left Wing Right Wing Defense Defense
Sidney Crosby Sean Bergenheim Reilly Smith Eric Gelinas Mike Green
Goaltenders
Starting : Brian Elliott
Backup : Jonathan Bernier
Extra Forwards
Normal : Erik Haula, Loui Eriksson, Rostislav Olesz - PP : Erik Haula, Loui Eriksson - PK : Erik Haula
Extra Defensemen
Normal : Taylor Chorney, Wes O'Neill, Brandon Burlon - PP : Taylor Chorney - PK : Taylor Chorney, Wes O'Neill
Penalty Shots
Sidney Crosby, Sean Bergenheim, Reilly Smith, Max Pacioretty, Erik Haula
Scratches
Sergei Kostitsyn (Healthy), T.J. Fast (Healthy)
% Time on Ice - Blue Jackets
Lines # - Real PCT - Wanted PCT - Time Play
Normal Forward
1 - 37% - 40% - 15:11
2 - 28% - 30% - 11:26
3 - 21% - 20% - 8:30
4 - 14% - 10% - 5:33
Normal Defense
1 - 44% - 40% - 17:59
2 - 30% - 30% - 12:12
3 - 20% - 20% - 8:19
4 - 5% - 10% - 2:10
PP Forward
1 - 56% - 60% - 5:16
2 - 44% - 40% - 4:09
PP Defense
1 - 44% - 60% - 4:11
2 - 56% - 40% - 5:14
PK Forward
1 - 75% - 60% - 7:03
2 - 25% - 40% - 2:22
PK Defense
1 - 60% - 60% - 5:37
2 - 40% - 40% - 3:48
PK3 Forward
1 - 0% - 60%
2 - 0% - 40%
PK3 Defense
1 - 0% - 60%
2 - 0% - 40%
44 Forward
1 - 100% - 60% - 0:30
2 - 0% - 40% - 0:00
44 Defense
1 - 100% - 60% - 0:30
2 - 0% - 40% - 0:00
Last Minute Offensive - 0:00
Last Minute Defensive - 0:00
Total
Forward - 60:00
Defense - 60:00
|
% Time on Ice - Senateurs
Lines # - Real PCT - Wanted PCT - Time Play
Normal Forward
1 - 38% - 40% - 15:18
2 - 24% - 30% - 9:39
3 - 25% - 20% - 10:02
4 - 14% - 10% - 5:41
Normal Defense
1 - 42% - 40% - 17:16
2 - 34% - 30% - 13:42
3 - 20% - 20% - 8:07
4 - 4% - 10% - 1:35
PP Forward
1 - 55% - 60% - 5:11
2 - 45% - 40% - 4:14
PP Defense
1 - 59% - 60% - 5:31
2 - 41% - 40% - 3:54
PK Forward
1 - 77% - 60% - 7:14
2 - 23% - 40% - 2:11
PK Defense
1 - 70% - 60% - 6:33
2 - 30% - 40% - 2:52
PK3 Forward
1 - 0% - 60%
2 - 0% - 40%
PK3 Defense
1 - 0% - 60%
2 - 0% - 40%
44 Forward
1 - 100% - 60% - 0:30
2 - 0% - 40% - 0:00
44 Defense
1 - 100% - 60% - 0:30
2 - 0% - 40% - 0:00
Last Minute Offensive - 0:00
Last Minute Defensive - 0:00
Total
Forward - 60:00
Defense - 60:00
|
Play-by-Play
1st period
0:01 of 1st period - Sidney Crosby wins face-off versus Tyler Seguin in neutral zone.
0:15 of 1st period - Snap shot by Sidney Crosby.
0:15 of 1st period - Shot Misses the Net.
0:41 of 1st period - Slapshot by Mike Green.
0:41 of 1st period - Shot Misses the Net.
1:07 of 1st period - Wrist shot by Sidney Crosby.
1:07 of 1st period - Shot Misses the Net.
1:09 of 1st period - Slapshot by Eric Gelinas.
1:09 of 1st period - Stopped by Rick DiPietro without a rebound.
1:10 of 1st period - Erik Haula wins face-off versus Peter Mueller in Blue Jackets zone.
1:24 of 1st period - Minor Penalty to Peter Mueller for Tripping.
1:25 of 1st period - Erik Haula wins face-off versus Henrik Sedin in Blue Jackets zone.
1:31 of 1st period - Snap shot by Erik Haula.
1:31 of 1st period - Shot Misses the Net.
1:33 of 1st period - Slapshot by Cody Franson.
1:33 of 1st period - Goal by Cody Franson - Blue Jackets : 0 - Senateurs : 1.
1:34 of 1st period - Tim Connolly wins face-off versus Tyler Seguin in neutral zone.
1:37 of 1st period - Slapshot by Loui Eriksson.
1:37 of 1st period - Shot Misses the Net.
1:46 of 1st period - Minor Penalty to Artemi Panarin for Slashing.
1:47 of 1st period - Henrik Sedin wins face-off versus Sidney Crosby in Blue Jackets zone.
2:13 of 1st period - Colton Parayko is hit by Jason Pominville and loses puck.
2:18 of 1st period - Slapshot by Max Pacioretty.
2:18 of 1st period - Stopped by Rick DiPietro with a rebound.
2:20 of 1st period - Slapshot by Eric Gelinas.
2:20 of 1st period - Stopped by Rick DiPietro without a rebound.
2:21 of 1st period - Sidney Crosby wins face-off versus Emerson Etem in Blue Jackets zone.
2:24 of 1st period - Wrist shot by Reilly Smith.
2:24 of 1st period - Shot Blocked by Rob Scuderi.
2:26 of 1st period - Slapshot by Taylor Chorney.
2:26 of 1st period - Stopped by Rick DiPietro with a rebound.
2:28 of 1st period - Snap shot by Taylor Chorney.
2:28 of 1st period - Shot Blocked by Rob Scuderi.
3:39 of 1st period - Emerson Etem is hit by Sidney Crosby and loses puck.
3:46 of 1st period - Penalty to Artemi Panarin is over, Artemi Panarin is back on ice.
4:17 of 1st period - Colton Parayko is hit by Brandon Burlon and loses puck.
5:18 of 1st period - Backhand shot by Colton Parayko.
5:18 of 1st period - Stopped by Brian Elliott without a rebound.
5:19 of 1st period - Tyler Seguin wins face-off versus Reilly Smith in Senateurs zone.
5:38 of 1st period - Eric Gelinas is hit by Artemi Panarin and loses puck.
5:53 of 1st period - Snap shot by Bobby Ryan.
5:53 of 1st period - Deflect By Sean Bergenheim.
5:53 of 1st period - Shot Blocked by Mike Green.
5:53 of 1st period - Puck is out of play.
5:54 of 1st period - Peter Mueller wins face-off versus Erik Haula in Senateurs zone.
5:57 of 1st period - Snap shot by Rickard Rakell.
5:57 of 1st period - Stopped by Brian Elliott without a rebound.
5:58 of 1st period - Erik Haula wins face-off versus Peter Mueller in Senateurs zone.
6:00 of 1st period - Minor Penalty to Cody Franson for Holding.
6:01 of 1st period - Tyler Seguin wins face-off versus Sidney Crosby in Senateurs zone.
6:13 of 1st period - Wrist shot by Tyler Seguin.
6:13 of 1st period - Shot Misses the Net.
7:42 of 1st period - Travis Hamonic is hit by Brandon Burlon and loses puck.
8:00 of 1st period - Penalty to Cody Franson is over, Cody Franson is back on ice.
8:13 of 1st period - Shea Theodore is hit by Eric Gelinas and loses puck.
8:51 of 1st period - Slapshot by Erik Haula.
8:51 of 1st period - Stopped by Rick DiPietro with a rebound.
10:08 of 1st period - Snap shot by Eric Wellwood.
10:08 of 1st period - Stopped by Rick DiPietro without a rebound.
10:09 of 1st period - Tim Connolly wins face-off versus Peter Mueller in Blue Jackets zone.
11:06 of 1st period - Snap shot by Max Pacioretty.
11:06 of 1st period - Shot Blocked by Artemi Panarin.
11:08 of 1st period - Slapshot by Eric Gelinas.
11:08 of 1st period - Shot Misses the Net.
11:35 of 1st period - Snap shot by Artemi Panarin.
11:35 of 1st period - Stopped by Brian Elliott with a rebound.
12:01 of 1st period - Wrist shot by Sidney Crosby.
12:01 of 1st period - Stopped by Rick DiPietro with a rebound.
12:20 of 1st period - Icing by Sean Bergenheim.
12:21 of 1st period - Sean Bergenheim wins face-off versus Peter Mueller in Senateurs zone.
12:23 of 1st period - Icing by Sidney Crosby.
12:24 of 1st period - Peter Mueller wins face-off versus Sidney Crosby in Senateurs zone.
12:33 of 1st period - Snap shot by Peter Mueller.
12:33 of 1st period - Shot Misses the Net.
12:35 of 1st period - Slapshot by Travis Hamonic.
12:35 of 1st period - Stopped by Brian Elliott with a rebound.
12:37 of 1st period - Snap shot by Colton Parayko.
12:37 of 1st period - Stopped by Brian Elliott without a rebound.
12:38 of 1st period - Peter Mueller wins face-off versus Erik Haula in Senateurs zone.
13:28 of 1st period - Shea Theodore is hit by Max Friberg and loses puck.
13:49 of 1st period - Wrist shot by Eric Wellwood.
13:49 of 1st period - Stopped by Rick DiPietro without a rebound.
13:50 of 1st period - Max Pacioretty wins face-off versus Peter Mueller in Blue Jackets zone.
13:53 of 1st period - Slapshot by Erik Haula.
13:53 of 1st period - Shot Misses the Net.
13:55 of 1st period - Snap shot by Jason Pominville.
13:55 of 1st period - Stopped by Rick DiPietro without a rebound.
13:56 of 1st period - Max Pacioretty wins face-off versus Peter Mueller in Blue Jackets zone.
13:57 of 1st period - Snap shot by Jason Pominville.
13:57 of 1st period - Stopped by Rick DiPietro without a rebound.
13:58 of 1st period - Erik Haula wins face-off versus Peter Mueller in Blue Jackets zone.
14:13 of 1st period - Slapshot by Peter Mueller.
14:13 of 1st period - Shot Misses the Net.
14:53 of 1st period - Slapshot by Kevin Porter.
14:53 of 1st period - Shot Misses the Net.
15:54 of 1st period - Slapshot by Sean Bergenheim.
15:54 of 1st period - Stopped by Rick DiPietro without a rebound.
15:55 of 1st period - Henrik Sedin wins face-off versus Sidney Crosby in Blue Jackets zone.
16:14 of 1st period - Wrist shot by Henrik Sedin.
16:14 of 1st period - Shot Misses the Net.
16:26 of 1st period - Sidney Crosby is hit by Henrik Sedin and loses puck.
17:17 of 1st period - Slapshot by Sean Bergenheim.
17:17 of 1st period - Stopped by Rick DiPietro with a rebound.
17:23 of 1st period - Slapshot by Shea Theodore.
17:23 of 1st period - Shot Misses the Net.
17:25 of 1st period - Slapshot by Henrik Sedin.
17:25 of 1st period - Shot Misses the Net.
17:27 of 1st period - Slapshot by Shea Theodore.
17:27 of 1st period - Shot Misses the Net.
17:29 of 1st period - Snap shot by Shea Theodore.
17:29 of 1st period - Stopped by Brian Elliott without a rebound.
17:30 of 1st period - Tyler Seguin wins face-off versus Erik Haula in Senateurs zone.
17:45 of 1st period - Snap shot by Jason Pominville.
17:45 of 1st period - Deflect By Max Pacioretty.
17:45 of 1st period - Stopped by Rick DiPietro with a rebound.
17:47 of 1st period - Snap shot by Erik Haula.
17:47 of 1st period - Stopped by Rick DiPietro with a rebound.
18:04 of 1st period - Snap shot by Tim Connolly.
18:04 of 1st period - Stopped by Rick DiPietro with a rebound.
18:06 of 1st period - Minor Penalty to Rickard Rakell for Charging.
18:07 of 1st period - Max Pacioretty wins face-off versus Tyler Kennedy in Blue Jackets zone.
19:21 of 1st period - Off-side.
19:22 of 1st period - Tyler Kennedy wins face-off versus Loui Eriksson in neutral zone.
19:47 of 1st period - Icing by Jason Pominville.
19:48 of 1st period - Henrik Sedin wins face-off versus Erik Haula in Senateurs zone.
19:49 of 1st period - Snap shot by Brandon Bollig.
19:49 of 1st period - Stopped by Brian Elliott with a rebound.
Goals for this period are 0 for Blue Jackets vs 1 for Senateurs.
Shots for this period are 7 for Blue Jackets vs 16 for Senateurs.
2nd period
0:01 of 2nd period - Sidney Crosby wins face-off versus Henrik Sedin in neutral zone.
0:06 of 2nd period - Penalty to Rickard Rakell is over, Rickard Rakell is back on ice.
0:26 of 2nd period - Max Pacioretty is hit by Bobby Ryan and loses puck.
0:51 of 2nd period - Snap shot by Eric Wellwood.
0:51 of 2nd period - Shot Blocked by Travis Hamonic.
0:53 of 2nd period - Snap shot by Max Friberg.
0:53 of 2nd period - Stopped by Rick DiPietro without a rebound.
0:54 of 2nd period - Ryan Getzlaf wins face-off versus Peter Mueller in Blue Jackets zone.
0:55 of 2nd period - Snap shot by Max Friberg.
0:55 of 2nd period - Stopped by Rick DiPietro with a rebound.
1:29 of 2nd period - Snap shot by Kevin Porter.
1:29 of 2nd period - Stopped by Brian Elliott without a rebound.
1:30 of 2nd period - Sidney Crosby wins face-off versus Artemi Panarin in Senateurs zone.
1:45 of 2nd period - Slapshot by Artemi Panarin.
1:45 of 2nd period - Shot Blocked by Eric Gelinas.
1:47 of 2nd period - Backhand shot by Travis Hamonic.
1:47 of 2nd period - Stopped by Brian Elliott with a rebound.
3:11 of 2nd period - Snap shot by Artemi Panarin.
3:11 of 2nd period - Deflect By Reilly Smith.
3:11 of 2nd period - Stopped by Brian Elliott without a rebound.
3:12 of 2nd period - Peter Mueller wins face-off versus Erik Haula in Senateurs zone.
3:25 of 2nd period - Snap shot by Peter Mueller.
3:25 of 2nd period - Shot Misses the Net.
3:47 of 2nd period - Snap shot by Artemi Panarin.
3:47 of 2nd period - Shot Misses the Net.
4:25 of 2nd period - Snap shot by Tyler Kennedy.
4:25 of 2nd period - Shot Blocked by Eric Wellwood.
4:48 of 2nd period - Snap shot by Rickard Rakell.
4:48 of 2nd period - Shot Blocked by Eric Gelinas.
5:00 of 2nd period - Mike Green is hit by Travis Hamonic and loses puck.
5:39 of 2nd period - Slapshot by Shea Theodore.
5:39 of 2nd period - Deflect By Loui Eriksson.
5:39 of 2nd period - Stopped by Brian Elliott with a rebound.
5:41 of 2nd period - Slapshot by T.J. Oshie.
5:41 of 2nd period - Goal by T.J. Oshie - Blue Jackets : 1 - Senateurs : 1.
5:42 of 2nd period - Sidney Crosby wins face-off versus Artemi Panarin in neutral zone.
5:51 of 2nd period - Sidney Crosby is hit by Bobby Ryan and loses puck.
6:13 of 2nd period - Wrist shot by Max Pacioretty.
6:13 of 2nd period - Stopped by Rick DiPietro without a rebound.
6:14 of 2nd period - Erik Haula wins face-off versus Peter Mueller in Blue Jackets zone.
6:39 of 2nd period - Wrist shot by Rickard Rakell.
6:39 of 2nd period - Deflect By Devin Setoguchi.
6:39 of 2nd period - Shot Misses the Net.
6:39 of 2nd period - Puck is out of play.
6:40 of 2nd period - Sidney Crosby wins face-off versus Artemi Panarin in Senateurs zone.
6:40 of 2nd period - Sidney Crosby is hit by Bobby Ryan.
6:49 of 2nd period - Cody Franson is hit by Colton Parayko and loses puck.
6:52 of 2nd period - Slapshot by Cody Franson.
6:52 of 2nd period - Stopped by Rick DiPietro with a rebound.
6:54 of 2nd period - Snap shot by Sidney Crosby.
6:54 of 2nd period - Stopped by Rick DiPietro with a rebound.
6:56 of 2nd period - Snap shot by Sidney Crosby.
6:56 of 2nd period - Stopped by Rick DiPietro with a rebound.
7:17 of 2nd period - Wrist shot by T.J. Oshie.
7:17 of 2nd period - Deflect By Emerson Etem.
7:17 of 2nd period - Stopped by Brian Elliott without a rebound.
7:18 of 2nd period - Sidney Crosby wins face-off versus Peter Mueller in Senateurs zone.
7:50 of 2nd period - Snap shot by Artemi Panarin.
7:50 of 2nd period - Shot Blocked by Mike Green.
7:52 of 2nd period - Snap shot by Bobby Ryan.
7:52 of 2nd period - Shot Misses the Net.
7:54 of 2nd period - Slapshot by Shea Theodore.
7:54 of 2nd period - Shot Blocked by Eric Gelinas.
8:00 of 2nd period - Minor Penalty to Jason Pominville for Tripping.
8:01 of 2nd period - Sidney Crosby wins face-off versus Tyler Seguin in Senateurs zone.
8:16 of 2nd period - Sean Bergenheim is hit by Colton Parayko and loses puck.
8:35 of 2nd period - Snap shot by Peter Mueller.
8:35 of 2nd period - Stopped by Brian Elliott without a rebound.
8:36 of 2nd period - Tyler Seguin wins face-off versus Erik Haula in Senateurs zone.
10:00 of 2nd period - Penalty to Jason Pominville is over, Jason Pominville is back on ice.
10:14 of 2nd period - Mike Green is hit by Artemi Panarin and loses puck.
10:38 of 2nd period - Wrist shot by Ryan Getzlaf.
10:38 of 2nd period - Shot Misses the Net.
11:06 of 2nd period - Dennis Wideman is hit by Rostislav Olesz and loses puck.
12:35 of 2nd period - Wrist shot by Peter Mueller.
12:35 of 2nd period - Shot Blocked by Brandon Burlon.
12:40 of 2nd period - Icing by Brandon Burlon.
12:41 of 2nd period - Peter Mueller wins face-off versus Ryan Getzlaf in Senateurs zone.
12:52 of 2nd period - Slapshot by Devin Setoguchi.
12:52 of 2nd period - Goal by Devin Setoguchi - Blue Jackets : 2 - Senateurs : 1.
12:53 of 2nd period - Sidney Crosby wins face-off versus Tyler Seguin in neutral zone.
12:53 of 2nd period - Sean Bergenheim is hit by Artemi Panarin and loses puck.
13:32 of 2nd period - Icing by Travis Hamonic.
13:33 of 2nd period - Erik Haula wins face-off versus Peter Mueller in Blue Jackets zone.
13:36 of 2nd period - Snap shot by Max Pacioretty.
13:36 of 2nd period - Shot Misses the Net.
13:38 of 2nd period - Snap shot by Cody Franson.
13:38 of 2nd period - Shot Misses the Net.
13:40 of 2nd period - Snap shot by Jason Pominville.
13:40 of 2nd period - Stopped by Rick DiPietro with a rebound.
13:44 of 2nd period - Wrist shot by Erik Haula.
13:44 of 2nd period - Shot Misses the Net.
14:00 of 2nd period - Reilly Smith is hit by Artemi Panarin and loses puck.
14:11 of 2nd period - Artemi Panarin is hit by Sean Bergenheim and loses puck.
14:56 of 2nd period - Snap shot by Rostislav Olesz.
14:56 of 2nd period - Shot Misses the Net.
14:58 of 2nd period - Slapshot by Eric Gelinas.
14:58 of 2nd period - Deflect By Rostislav Olesz.
14:58 of 2nd period - Shot Blocked by Shea Weber.
14:58 of 2nd period - Puck is out of play.
14:59 of 2nd period - Sidney Crosby wins face-off versus Bobby Ryan in Blue Jackets zone.
15:00 of 2nd period - Snap shot by Sean Bergenheim.
15:00 of 2nd period - Deflect By Reilly Smith.
15:00 of 2nd period - Shot Misses the Net.
15:00 of 2nd period - Puck is out of play.
15:01 of 2nd period - Tyler Seguin wins face-off versus Sidney Crosby in Blue Jackets zone.
15:06 of 2nd period - Snap shot by Shea Theodore.
15:06 of 2nd period - Shot Blocked by Brandon Burlon.
15:48 of 2nd period - Icing by Tyler Seguin.
15:49 of 2nd period - Erik Haula wins face-off versus Tyler Seguin in Blue Jackets zone.
16:41 of 2nd period - Wrist shot by Rostislav Olesz.
16:41 of 2nd period - Stopped by Rick DiPietro with a rebound.
17:18 of 2nd period - Kevin Porter is hit by Sean Bergenheim and loses puck.
17:46 of 2nd period - Travis Hamonic is hit by Wes O'Neill and loses puck.
17:59 of 2nd period - Travis Hamonic is hit by Taylor Chorney and loses puck.
18:22 of 2nd period - Travis Hamonic is hit by Wes O'Neill and loses puck.
18:29 of 2nd period - Snap shot by Max Friberg.
18:29 of 2nd period - Stopped by Rick DiPietro with a rebound.
19:00 of 2nd period - Minor Penalty to Sean Bergenheim for Cross-checking.
19:01 of 2nd period - Sidney Crosby wins face-off versus Tyler Seguin in Senateurs zone.
19:17 of 2nd period - Wrist shot by Tyler Seguin.
19:17 of 2nd period - Shot Misses the Net.
Goals for this period are 2 for Blue Jackets vs 0 for Senateurs.
Shots for this period are 8 for Blue Jackets vs 9 for Senateurs.
3rd period
0:01 of 3rd period - Sidney Crosby wins face-off versus Tyler Seguin in neutral zone.
1:00 of 3rd period - Penalty to Sean Bergenheim is over, Sean Bergenheim is back on ice.
1:12 of 3rd period - Slapshot by Loui Eriksson.
1:12 of 3rd period - Stopped by Rick DiPietro with a rebound.
1:14 of 3rd period - Slapshot by Eric Gelinas.
1:14 of 3rd period - Deflect By Kevin Porter.
1:14 of 3rd period - Stopped by Rick DiPietro with a rebound.
1:16 of 3rd period - Wrist shot by Rostislav Olesz.
1:16 of 3rd period - Shot Blocked by Dennis Wideman.
1:18 of 3rd period - Slapshot by Rostislav Olesz.
1:18 of 3rd period - Stopped by Rick DiPietro without a rebound.
1:19 of 3rd period - Tyler Seguin wins face-off versus Tim Connolly in Blue Jackets zone.
1:19 of 3rd period - Tyler Seguin is hit by Rostislav Olesz.
1:31 of 3rd period - Snap shot by Artemi Panarin.
1:31 of 3rd period - Deflect By Tyler Seguin.
1:31 of 3rd period - Stopped by Brian Elliott without a rebound.
1:32 of 3rd period - Devin Setoguchi wins face-off versus Sidney Crosby in Senateurs zone.
1:59 of 3rd period - Peter Mueller is hit by Loui Eriksson and loses puck.
2:22 of 3rd period - Wrist shot by Peter Mueller.
2:22 of 3rd period - Stopped by Brian Elliott with a rebound.
2:28 of 3rd period - Snap shot by Devin Setoguchi.
2:28 of 3rd period - Stopped by Brian Elliott with a rebound.
2:30 of 3rd period - Slapshot by Colton Parayko.
2:30 of 3rd period - Shot Misses the Net.
2:32 of 3rd period - Snap shot by Devin Setoguchi.
2:32 of 3rd period - Stopped by Brian Elliott with a rebound.
2:34 of 3rd period - Slapshot by Rickard Rakell.
2:34 of 3rd period - Goal by Rickard Rakell - Blue Jackets : 3 - Senateurs : 1.
2:35 of 3rd period - Sidney Crosby wins face-off versus Tyler Seguin in neutral zone.
2:51 of 3rd period - Minor Penalty to Mike Green for High sticking.
2:52 of 3rd period - Sidney Crosby wins face-off versus Tyler Seguin in Senateurs zone.
3:05 of 3rd period - Icing by Travis Hamonic.
3:06 of 3rd period - Sidney Crosby wins face-off versus Tyler Seguin in Blue Jackets zone.
3:07 of 3rd period - Slapshot by Sean Bergenheim.
3:07 of 3rd period - Shot Blocked by Colton Parayko.
3:09 of 3rd period - Backhand shot by Sean Bergenheim.
3:09 of 3rd period - Goal by Sean Bergenheim - Blue Jackets : 3 - Senateurs : 2.
3:10 of 3rd period - Tyler Seguin wins face-off versus Sidney Crosby in neutral zone.
3:47 of 3rd period - Snap shot by Travis Hamonic.
3:47 of 3rd period - Shot Misses the Net.
3:49 of 3rd period - Slapshot by Colton Parayko.
3:49 of 3rd period - Stopped by Brian Elliott without a rebound.
3:50 of 3rd period - Sidney Crosby wins face-off versus Tyler Seguin in Senateurs zone.
3:55 of 3rd period - Slapshot by Wes O'Neill.
3:55 of 3rd period - Stopped by Rick DiPietro with a rebound.
4:13 of 3rd period - Shea Weber is hit by Sidney Crosby and loses puck.
4:51 of 3rd period - Penalty to Mike Green is over, Mike Green is back on ice.
5:14 of 3rd period - Minor Penalty to Artemi Panarin for Hooking.
5:15 of 3rd period - Henrik Sedin wins face-off versus Sidney Crosby in Blue Jackets zone.
5:34 of 3rd period - Colton Parayko is hit by Mike Green and loses puck.
5:55 of 3rd period - Snap shot by Jason Pominville.
5:55 of 3rd period - Stopped by Rick DiPietro with a rebound.
7:14 of 3rd period - Penalty to Artemi Panarin is over, Artemi Panarin is back on ice.
7:17 of 3rd period - Taylor Chorney is hit by Tyler Seguin and loses puck.
7:37 of 3rd period - Icing by Cody Franson.
7:38 of 3rd period - Peter Mueller wins face-off versus Loui Eriksson in Senateurs zone.
7:49 of 3rd period - Slapshot by Cody Franson.
7:49 of 3rd period - Stopped by Rick DiPietro without a rebound.
7:50 of 3rd period - Sidney Crosby wins face-off versus Tyler Seguin in Blue Jackets zone.
7:51 of 3rd period - Slapshot by Reilly Smith.
7:51 of 3rd period - Shot Misses the Net.
8:03 of 3rd period - Snap shot by Artemi Panarin.
8:03 of 3rd period - Shot Blocked by Eric Gelinas.
8:25 of 3rd period - Slapshot by Rickard Rakell.
8:25 of 3rd period - Stopped by Brian Elliott without a rebound.
8:26 of 3rd period - Erik Haula wins face-off versus Peter Mueller in Senateurs zone.
8:36 of 3rd period - Wrist shot by Rickard Rakell.
8:36 of 3rd period - Shot Misses the Net.
8:38 of 3rd period - Wrist shot by Devin Setoguchi.
8:38 of 3rd period - Stopped by Brian Elliott without a rebound.
8:39 of 3rd period - Sidney Crosby wins face-off versus Tyler Seguin in Senateurs zone.
8:39 of 3rd period - Sidney Crosby is hit by Bobby Ryan.
9:17 of 3rd period - Snap shot by Rickard Rakell.
9:17 of 3rd period - Shot Misses the Net.
9:32 of 3rd period - Snap shot by Henrik Sedin.
9:32 of 3rd period - Stopped by Brian Elliott without a rebound.
9:33 of 3rd period - Loui Eriksson wins face-off versus Henrik Sedin in Senateurs zone.
9:38 of 3rd period - Taylor Chorney is hit by Shea Weber and loses puck.
9:47 of 3rd period - Snap shot by T.J. Oshie.
9:47 of 3rd period - Shot Misses the Net.
9:49 of 3rd period - Wrist shot by Emerson Etem.
9:49 of 3rd period - Stopped by Brian Elliott with a rebound.
10:07 of 3rd period - Snap shot by Artemi Panarin.
10:07 of 3rd period - Stopped by Brian Elliott with a rebound.
10:31 of 3rd period - Slapshot by Taylor Chorney.
10:31 of 3rd period - Shot Blocked by Dennis Wideman.
10:49 of 3rd period - Snap shot by Eric Wellwood.
10:49 of 3rd period - Stopped by Rick DiPietro without a rebound.
10:50 of 3rd period - Sidney Crosby wins face-off versus Tyler Seguin in Blue Jackets zone.
11:07 of 3rd period - Wrist shot by Tyler Seguin.
11:07 of 3rd period - Stopped by Brian Elliott without a rebound.
11:08 of 3rd period - Peter Mueller wins face-off versus Erik Haula in Senateurs zone.
11:19 of 3rd period - Snap shot by Erik Haula.
11:19 of 3rd period - Shot Misses the Net.
11:40 of 3rd period - Icing by Mike Green.
11:41 of 3rd period - Sidney Crosby wins face-off versus Tyler Seguin in Senateurs zone.
12:16 of 3rd period - Slapshot by Sidney Crosby.
12:16 of 3rd period - Stopped by Rick DiPietro with a rebound.
12:24 of 3rd period - Wrist shot by Sidney Crosby.
12:24 of 3rd period - Stopped by Rick DiPietro with a rebound.
12:26 of 3rd period - Slapshot by Mike Green.
12:26 of 3rd period - Deflect By Reilly Smith.
12:26 of 3rd period - Deflect By Emerson Etem.
12:26 of 3rd period - Shot Misses the Net.
12:26 of 3rd period - Puck is out of play.
12:27 of 3rd period - Erik Haula wins face-off versus Tyler Seguin in Blue Jackets zone.
12:32 of 3rd period - Wrist shot by Erik Haula.
12:32 of 3rd period - Goal by Erik Haula - Blue Jackets : 3 - Senateurs : 3.
12:33 of 3rd period - Sidney Crosby wins face-off versus Tyler Seguin in neutral zone.
12:45 of 3rd period - Icing by Colton Parayko.
12:46 of 3rd period - Sidney Crosby wins face-off versus Artemi Panarin in Blue Jackets zone.
13:09 of 3rd period - Minor Penalty to Bobby Ryan for Tripping.
13:10 of 3rd period - Henrik Sedin wins face-off versus Sidney Crosby in Blue Jackets zone.
13:23 of 3rd period - Snap shot by Henrik Sedin.
13:23 of 3rd period - Stopped by Brian Elliott without a rebound.
13:24 of 3rd period - Brandon Bollig wins face-off versus Sidney Crosby in Senateurs zone.
13:25 of 3rd period - Wrist shot by Henrik Sedin.
13:25 of 3rd period - Stopped by Brian Elliott without a rebound.
13:26 of 3rd period - Henrik Sedin wins face-off versus Reilly Smith in Senateurs zone.
14:23 of 3rd period - Slapshot by Colton Parayko.
14:23 of 3rd period - Stopped by Brian Elliott without a rebound.
14:24 of 3rd period - Kevin Porter wins face-off versus Sidney Crosby in Senateurs zone.
14:33 of 3rd period - Snap shot by Kevin Porter.
14:33 of 3rd period - Shot Misses the Net.
14:35 of 3rd period - Slapshot by Rob Scuderi.
14:35 of 3rd period - Stopped by Brian Elliott without a rebound.
14:36 of 3rd period - Erik Haula wins face-off versus Henrik Sedin in Senateurs zone.
14:38 of 3rd period - Minor Penalty to Eric Gelinas for Holding.
14:39 of 3rd period - Sidney Crosby wins face-off versus Tyler Seguin in Senateurs zone.
15:09 of 3rd period - Penalty to Bobby Ryan is over, Bobby Ryan is back on ice.
15:41 of 3rd period - Slapshot by Wes O'Neill.
15:41 of 3rd period - Shot Blocked by Shea Weber.
16:38 of 3rd period - Penalty to Eric Gelinas is over, Eric Gelinas is back on ice.
16:45 of 3rd period - Backhand shot by Tim Connolly.
16:45 of 3rd period - Deflect By Kevin Porter.
16:45 of 3rd period - Shot Misses the Net.
16:45 of 3rd period - Puck is out of play.
16:46 of 3rd period - Kevin Porter wins face-off versus Tim Connolly in Blue Jackets zone.
16:52 of 3rd period - Icing by Brandon Bollig.
16:53 of 3rd period - Tim Connolly wins face-off versus Kevin Porter in Blue Jackets zone.
17:20 of 3rd period - Dennis Wideman is hit by Cody Franson and loses puck.
17:25 of 3rd period - Slapshot by Sidney Crosby.
17:25 of 3rd period - Stopped by Rick DiPietro with a rebound.
17:50 of 3rd period - Slapshot by Rickard Rakell.
17:50 of 3rd period - Shot Misses the Net.
17:52 of 3rd period - Snap shot by Peter Mueller.
17:52 of 3rd period - Shot Misses the Net.
17:54 of 3rd period - Snap shot by Devin Setoguchi.
17:54 of 3rd period - Goal by Devin Setoguchi - Blue Jackets : 4 - Senateurs : 3.
17:55 of 3rd period - Tim Connolly wins face-off versus Henrik Sedin in neutral zone.
18:06 of 3rd period - Slapshot by Eric Gelinas.
18:06 of 3rd period - Stopped by Rick DiPietro without a rebound.
18:07 of 3rd period - Henrik Sedin wins face-off versus Tim Connolly in Blue Jackets zone.
18:09 of 3rd period - Minor Penalty to Shea Weber for Hooking.
18:10 of 3rd period - Henrik Sedin wins face-off versus Sidney Crosby in Blue Jackets zone.
18:22 of 3rd period - Wrist shot by Sean Bergenheim.
18:22 of 3rd period - Stopped by Rick DiPietro without a rebound.
18:23 of 3rd period - Henrik Sedin wins face-off versus Sean Bergenheim in Blue Jackets zone.
18:36 of 3rd period - Slapshot by Eric Gelinas.
18:36 of 3rd period - Shot Blocked by Colton Parayko.
18:50 of 3rd period - Senateurs, Brian Elliott is pulled from the net.
Goals for this period are 2 for Blue Jackets vs 2 for Senateurs.
Shots for this period are 17 for Blue Jackets vs 14 for Senateurs.